Map: Ascensão para Aiur LE

Players

DakkoN

  • Race: Zerg Zerg
  • League: Grandmaster
  • Spawn Location: 11:00

TheZergLord - Winner!

  • Race: Zerg Zerg
  • League: Grandmaster
  • Spawn Location: 5:00

VOD

Have the link to the VOD?

Description

Time

  • Played on: Nov. 2, 2017, 11:56 p.m.
  • Length: 8:57
Show
View Real Time Build Order
Export as new Build Order

DakkoN Zerg 

Build Orders: Hatch First 

Get SALT Encoding   

  12  0:00  Drone  
  13  0:12  Overlord  
  13  0:17  Drone  
  14  0:30  Drone x2  
  16  0:36  Drone  
  17  0:51  Hatchery  
  17  0:55  Drone  
  17  0:59  Drone  
  18  1:09  Extractor  
  17  1:14  Spawning Pool  
  17  1:17  Drone  
  17  1:19  Drone  
  18  1:28  Drone  
  19  1:38  Overlord  
  19  1:49  Drone  
  20  2:00  Queen  
  22  2:01  Zergling x2  
  22  2:03  Queen  
  22  2:04  Drone  
  26  2:08  Metabolic Boost  
  26  2:13  Drone  
  26  2:15  Drone  
  28  2:24  Drone  
  28  2:26  Drone  
  30  2:37  Drone  
  30  2:38  Hatchery, Drone  
  31  2:45  Drone  
  31  2:48  Drone  
  33  2:53  Roach Warren  
  32  2:59  Zergling x4  
  34  3:05  Overlord  
  34  3:11  Zergling x2  
  34  3:12  Zergling x2  
  27  3:31  Zergling x6  
  27  3:32  Roach, Zergling x2  
  27  3:33  Roach  
  25  3:49  Roach x2  
  23  3:58  Roach x2  
  24  4:11  Drone  
  24  4:13  Drone  
  26  4:23  Drone  
  26  4:24  Drone x2  
  29  4:35  Drone x2  
  31  4:38  Drone  
  31  4:40  Drone  
  31  4:44  Drone  
  34  4:50  Drone  
  34  4:51  Drone  
  36  4:59  Drone  
  38  5:00  Drone x2  
  38  5:01  Drone  
  41  5:07  Drone x2  
  42  5:14  Drone x2  
  44  5:26  Drone x2  
  44  5:27  Drone  
  47  5:36  Lair  
  47  5:41  Overlord  
  47  5:42  Overlord  
  47  5:45  Drone x3  
  50  5:55  Extractor  
  50  5:56  Overlord  
  49  5:57  Spine Crawler  
  49  5:58  Overlord  
  49  6:01  Roach x2  
  49  6:02  Roach  
  54  6:07  Roach  
  56  6:12  Drone x3  
  56  6:18  Drone  
  60  6:27  Drone, Queen  
  60  6:30  Queen  
  60  6:31  Drone x2  
  67  6:44  Glial Reconstitution  
  67  6:48  Unknown  
  67  6:49  Drone x6  
  67  6:51  Queen  
  75  6:57  Drone x2  
  77  7:02  Drone  
  78  7:08  Evolution Chamber  
  78  7:13  Overlord  
  78  7:14  Overlord  
  78  7:15  Overlord  
  77  7:25  Roach  
  77  7:26  Roach  
  77  7:28  Overlord x3  
  81  7:34  Overlord  
  81  7:36  Roach  
  89  7:37  Roach x3  
  89  7:42  Roach x3  
  95  7:45  Extractor  
  95  7:50  Roach x4  
  102  7:59  Roach  
  104  8:16  Roach x2  
  104  8:17  Roach x4  
  104  8:22  Zergling x8  
  104  8:23  Zergling x2  
  104  8:25  Zergling x2  
  76  8:36  Roach x5  
  76  8:37  Overlord  
Show
View Real Time Build Order
Export as new Build Order

TheZergLord Zerg - Winner!

Build Orders: Pool First 

Get SALT Encoding   

  12  0:01  Drone  
  13  0:12  Overlord  
  13  0:17  Drone  
  14  0:31  Drone x2  
  14  0:35  Drone  
  17  0:45  Extractor  
  17  0:46  Drone  
  17  0:50  Spawning Pool  
  17  0:56  Drone  
  17  1:07  Drone  
  18  1:18  Hatchery  
  17  1:37  Queen, Zergling x2  
  17  1:38  Zergling x2  
  21  1:44  Metabolic Boost  
  21  1:51  Overlord  
  21  1:58  Zergling x2  
  22  2:05  Baneling Nest  
  21  2:14  Queen  
  23  2:18  Zergling x2  
  24  2:24  Zergling x4  
  26  2:31  Zergling x2  
  27  2:38  Zergling x2  
  28  2:45  Zergling x6  
  28  2:49  Baneling  
  28  2:50  Baneling x2  
  31  2:52  Baneling  
  31  2:57  Zergling x2  
  33  2:58  Zergling x2  
  33  3:09  Drone x3  
  30  3:28  Zergling x4  
  29  3:37  Zergling x4  
  29  3:39  Drone x4  
  35  3:47  Drone  
  36  3:54  Overlord  
  35  3:57  Baneling x2  
  32  4:12  Hatchery  
  31  4:17  Drone  
  31  4:18  Drone  
  31  4:22  Drone x3  
  36  4:24  Drone  
  36  4:30  Roach Warren  
  36  4:32  Drone  
  36  4:36  Overlord  
  36  4:46  Drone x2  
  36  4:47  Drone x2  
  40  4:54  Drone x2  
  42  5:04  Overlord x2  
  42  5:12  Roach x5  
  51  5:32  Extractor x2  
  51  5:33  Drone x2, Lair, Evolution Chamber  
  51  5:34  Drone x5  
  54  5:40  Drone  
  54  5:41  Drone x2  
  57  5:45  Drone x2  
  57  5:46  Drone  
  60  5:50  Queen  
  60  5:53  Drone  
  60  5:54  Drone  
  64  6:04  Zerg Missile Weapons Level 1, Overlord  
  64  6:07  Zergling x2  
  64  6:08  Drone x4  
  64  6:11  Roach  
  71  6:15  Roach  
  73  6:24  Drone x3, Extractor  
  73  6:25  Roach x3  
  81  6:29  Glial Reconstitution  
  81  6:31  Overseer  
  81  6:43  Overlord  
  80  6:50  Roach  
  80  6:53  Overlord x3  
  82  7:03  Roach x4  
  82  7:05  Overlord  
  82  7:06  Overlord x2  
  90  7:12  Roach  
  90  7:13  Roach x6  
  104  7:19  Roach x2  
  108  7:23  Roach  
  108  7:27  Roach x5  
  108  7:28  Roach  
  122  7:34  Roach x2  
  122  7:35  Roach  
  128  7:43  Roach x3  
  134  7:48  Drone  
  134  7:51  Drone  
  136  7:54  Extractor  
  136  7:56  Drone x3  
  138  7:58  Hatchery, Drone  
  138  8:00  Overlord  
  138  8:01  Overlord  
  136  8:19  Drone x7  
  138  8:20  Drone  
  138  8:23  Roach  
  138  8:24  Roach x3  
  138  8:26  Roach  
  134  8:31  Drone x4  
  128  8:37  Extractor  
Tags
 
Add a new tag
Caveats
  • Supply blocks, unpowered buildings, or Contaminate may cause inaccurate times.
  • Supply counts are checked every 10 seconds.